 Dungeon Crawl Stone Soup version 0.13-a0-1585-g6f4f798 (webtiles) character file.

143 Koal the Ogre Mage (level 3, -4/28 HPs)
             Began as an Ogre Wizard on June 12, 2013.
             Slain by Terence
             ... wielding a +0,+0 trident
              (6 damage)
             ... on Level 2 of the Dungeon.
             The game lasted 00:06:24 (1381 turns).

Koal the Ogre Mage (Ogre Wizard)                    Turns: 1381, Time: 00:06:24

HP  -4/28        AC  4     Str 12      XL: 3   Next: 12%
MP   8/10        EV  9     Int 18      God:
Gold 115         SH  0     Dex  8      Spells:  4 memorised,  2 levels left

Res.Fire  : . . .   See Invis. : .   n - +1 whip
Res.Cold  : . . .   Warding    : .   a - +0 robe
Life Prot.: . . .   Conserve   : .   (shield restricted)
Res.Poison: .       Res.Corr.  : .   b - +0 wizard hat
Res.Elec. : .       Clarity    : .   f - +0 cloak
Sust.Abil.: . .     Spirit.Shd : .   (gloves unavailable)
Res.Mut.  : .       Stasis     : .   (boots unavailable)
Res.Rott. : .       Flight     : .   (no amulet)
Saprovore : + . .                    (no ring)
                                     (no ring)

@: very slightly contaminated, slightly resistant to hostile enchantments,
unstealthy
A: unfitting armour, fast metabolism 1, saprovore 1, tough skin 1
a: no special abilities


You were on level 2 of the Dungeon.
You were not hungry.

You visited 1 branch of the dungeon, and saw 2 of its levels.

You collected 95 gold pieces.

Inventory:

Hand weapons
 n - a +1,+1 whip (weapon)
Missiles
 e - 20 sling bullets
 k - 16 steel darts (quivered)
 l - 9 poisoned needles
Armour
 a - a +0 robe (worn)
 b - a +0 wizard hat (worn)
 f - a +0 cloak (worn)
Comestibles
 d - 4 meat rations
 g - a cheese
 m - an apple
 p - a bread ration
Scrolls
 h - a scroll of remove curse {unknown}
 i - a scroll of fog {unknown}
Jewellery
 q - an uncursed ring of wizardry {unknown}
Potions
 j - 2 potions of curing {unknown}
Books
 c - a book of Minor Magic

   Spells                             Type                      Level
   *Magic Dart                        Conjuration                  1
   *Blink                             Translocation                2
   *Call Imp                          Summoning                    2
   Repel Missiles                     Charms/Air                   2
   Slow                               Hexes                        2
   Conjure Flame                      Conjuration/Fire             3
   *Mephitic Cloud                    Conjuration/Poison/Air       3


   Skills:
 * Level 2.2 Maces & Flails
 - Level 1.7 Dodging
 - Level 1.5 Stealth
 - Level 4.1 Spellcasting
 + Level 1.1 Conjurations
 - Level 0.6 Summonings
 - Level 0.6 Translocations


You had 2 spell levels left.
You knew the following spells:

 Your Spells              Type           Power        Failure   Level  Hunger
a - Magic Dart            Conj           #...         12%         1    None
b - Call Imp              Summ           #.........   17%         2    ##.....
c - Blink                 Tloc           N/A          17%         2    ##.....
d - Mephitic Cloud        Conj/Pois/Air  #.......     43%         3    ###....


Dungeon Overview and Level Annotations

Branches:
Dungeon (2/27)

Altars:

Annotations
D:2 Terence


Innate Abilities, Weirdness & Mutations

You are too large for most types of armour.
You have a fast metabolism.
You can tolerate rotten meat.
You have tough skin (AC +1).


Message History

The puff of frost hits you!
* * * LOW HITPOINT WARNING * * *
There is a stone staircase leading down here.
Your shadow imp hits Terence but does no damage.
There is a stone staircase leading up here.
You start resting.
Your shadow imp gestures at Terence.
Terence convulses in agony!
What do you say? t - Shout!
Orders for allies: a - Attack new target. p - Attack previous target. r - Retreat! s - Stop attacking. w - Wait here. f - Follow me.
Anything else - Stay silent.
Gang up on whom?
Press: ? - help, Dir - move target cursor, f/p - Terence
Aim: Terence, wielding a trident, wearing a scale mail and carrying a wand of frost {zapped: 3} (severely wounded) Attack!
Terence hits you from afar with a trident.
You die...

#.......... .
#####.....##.# $..
#......#.....###..?.
##.#.###%.#....5.......#
+...........5..@....(((#
##.#.###..#.####.#..#+##
#..#.# .# # #..#@#.##.#
#.@5....#.# ####.##.#.#
#... ..# ####.### #


You could see Terence and a friendly shadow imp.

Vanquished Creatures
  A giant gecko (D:1)
  An ooze (D:2)
  2 ball pythons (D:1)
  2 hobgoblins (D:1)
  4 kobolds (D:1)
  4 bats (D:1)
  3 giant cockroaches (D:1)
  2 giant newts (D:1)
  A goblin (D:2)
  4 rats
24 creatures vanquished.

Notes
Turn   | Place    | Note
--------------------------------------------------------------
     0 | D:1      | Koal, the Ogre Wizard, began the quest for the Orb.
     0 | D:1      | Reached XP level 1. HP: 14/14 MP: 5/5
   393 | D:1      | Reached skill level 4 in Spellcasting
   409 | D:1      | Reached XP level 2. HP: 11/22 MP: 1/8
   558 | D:1      | Learned a level 2 spell: Call Imp
   570 | D:1      | Learned a level 2 spell: Blink
   613 | D:1      | Reached skill level 1 in Conjurations
   744 | D:1      | Reached skill level 1 in Maces & Flails
  1222 | D:1      | Reached XP level 3. HP: 22/28 MP: 5/10
  1227 | D:1      | Learned a level 3 spell: Mephitic Cloud
  1356 | D:2      | Noticed Terence
  1370 | D:2      | HP: 1/28 [Terence/wand of frost (7)]
  1381 | D:2      | Slain by Terence

Action                   || total
-------------------------++-------
Melee: Unarmed           ||     1
       Club              ||    11
       Whip              ||    18
Throw: Dart              ||    13
       Javelin           ||     5
 Cast: Magic Dart        ||    41
       Call Imp          ||     4
 Stab: Sleeping          ||     1
